 Dungeon Crawl Stone Soup version 0.27.1-33-g824d729ab1 (webtiles) character file.

Game seed: 9578554465336782155

357 Kaptain the Firebug (level 6, -11/35 HPs)
             Began as a Gargoyle Fire Elementalist on Dec 24, 2021.
             Mangled by an ogre (26 damage)
             ... on level 4 of the Dungeon.
             The game lasted 00:13:18 (5426 turns).

Kaptain the Firebug (Gargoyle Fire Elementalist)    Turns: 5426, Time: 00:13:19

Health: -11/35     AC:  7    Str: 12    XL:     6   Next: 64%
Magic:  7/11       EV: 11    Int: 17    God:
Gold:   169        SH:  0    Dex: 10    Spells: 2/12 levels left

rFire    . . .     SeeInvis .   d - staff of air
rCold    . . .     Faith    .   (no shield)
rNeg     + . .     Spirit   .   n - +0 leather armour
rPois    ∞         Reflect  .   (no helmet)
rElec    +         Harm     .   (no cloak)
rCorr    .         Rampage  .   (no gloves)
Will     .....                  (no boots)
Stlth    ++........             (no amulet)
HPRegen  0.11/turn              (no ring)
MPRegen  0.12/turn              (no ring)

@: very slightly contaminated
A: sickness immunity, AC +4, negative energy resistance 1, electricity
resistance, torment resistance 1, petrification resistance
a: no special abilities


You were on level 4 of the Dungeon.
You visited 2 branches of the dungeon, and saw 5 of its levels.

You collected 169 gold pieces.

Inventory:

Hand Weapons
 a - a +0 war axe
 c - a +0 dagger
Missiles
 b - 162 stones
Armour
 g - a +0 tower shield
 n - a +0 leather armour (worn)
Magical Staves
 d - a staff of air (weapon)
Wands
 l - a wand of iceblast (11)
Scrolls
 e - 2 scrolls of enchant armour
 i - 4 scrolls of identify
Potions
 f - a potion of might
 h - a potion of lignification {unknown}
 j - a potion of flight
 k - a potion of degeneration {unknown}
 m - 2 potions of cancellation


   Skills:
 + Level 2.0 Fighting
 + Level 2.1 Armour
 - Level 1.5 Dodging
 + Level 3.6 Stealth
 * Level 3.5 Spellcasting
 * Level 3.2 Conjurations
 * Level 4.1 Fire Magic


You had 2 spell levels left.
You knew the following spells:

 Your Spells              Type           Power      Damage    Failure   Level
a - Foxfire               Conj/Fire      60%        2x1d7     4%          1
b - Sticky Flame          Conj/Fire      15%        2d4       43%         4
c - Fireball              Conj/Fire      7%         3d5       78%         5

Your spell library contained the following spells:

 Spells                   Type           Power      Damage    Failure   Level
 Conjure Flame            Conj/Fire      15%        6-21      14%         3
 Inner Flame              Hex/Fire       10%        N/A       26%         3
 Ozocubu's Armour         Ice            2%         N/A       54%         3
 Tukima's Dance           Hex            2%         N/A       54%         3
 Passage of Golubria      Tloc           N/A        N/A       91%         4
 Metabolic Englaciation   Hex/Ice        1%         N/A       99%         5
 Yara's Violent Unravell  Hex/Tmut       1%         3d3       99%         5
 Simulacrum               Ice/Necr       1%         N/A       100%        6


Dungeon Overview and Level Annotations

Branches:
Dungeon (4/15)             Temple (1/1) D:4

Altars:
Ashenzari
Cheibriados
Dithmenos
Elyvilon
Fedhas
Gozag
Hepliaklqana
Makhleb
Nemelex Xobeh
Okawaru
Qazlal
Sif Muna
Trog
Uskayaw
Wu Jian
Yredelemnul
Zin
The Shining One


Innate Abilities, Weirdness & Mutations

You are immune to sickness and miasma.
Your stone body is resilient. (AC +4)
You are immune to poison.
You resist negative energy. (rN+)
You are resistant to electric shocks. (rElec)
You are resistant to unholy torment.
You are immune to petrification.


Message History

Confirm with . or Enter, or press ? or * to list all spells.
You conjure some foxfire!
The foxfire hits the ogre.
The ogre is lightly wounded.
The foxfire hits the ogre.
The ogre is heavily wounded.
The foxfire hits the ogre.
The ogre is heavily wounded.
The foxfire hits the ogre.
The ogre is heavily wounded.
Unknown command.
Casting: Foxfire (safe; 4% risk of failure)
Confirm with . or Enter, or press ? or * to list all spells.
You conjure some foxfire!
The ogre barely misses you. The gnoll hits you with a +0 flail.
The dart slug launches a dart at you.
The slug dart hits you but does no damage.
Your foxfire dissipates!
The foxfire hits the ogre.
The ogre is heavily wounded.
The gnoll hits you with a +0 flail.
Unknown command.
Casting: Foxfire (safe; 4% risk of failure)
Confirm with . or Enter, or press ? or * to list all spells.
You miscast Foxfire.
You are very lightly contaminated with residual magic.
Nothing appears to happen.
The ogre hits you with a +0 giant club! The gnoll hits you but does no damage.
Unknown command.
Casting: Foxfire (safe; 4% risk of failure)
Confirm with . or Enter, or press ? or * to list all spells.
You conjure some foxfire!
The gnoll barely misses you. The ogre barely misses you.
Unknown command.
The foxfire hits the ogre.
The ogre is severely wounded.
The foxfire hits the ogre.
The ogre is severely wounded.
The ogre hits you with a +0 giant club!!
Ouch! That really hurt!
You die...

###...#... #.........
#........ ###.......
#.......# #.....w.#
##########§....#############
#.......##.gO.....).........
#.#####.##.@...####[(..####
####.###.##.# ##.#..#
#.......(##.###.....# #
#.##.######.....#.#.#####
#.##.##.# #..##...........
#..†....# #.#...#.8.#.....
####.#### #...#.......#...
#.# #.#...8.>.8...#. #.#
#...#.......#...


You could see an ogre, a gnoll and a dart slug.

Vanquished Creatures
  An ogre (D:3)
  A centaur (D:4)
  A gnoll shaman (D:3)
  A hound skeleton (D:4)
  3 gnolls
  3 adders (D:4)
  An adder skeleton (D:4)
  A worm (D:2)
  2 dart slugs
  13 orcs
  6 ball pythons
  7 endoplasms
  A giant cockroach (D:1)
  3 goblins
  3 hobgoblins (D:1)
  8 jackals
  4 quokkas
  4 bats
  A frilled lizard (D:1)
  10 kobolds
  7 rats
81 creatures vanquished.

Vanquished Creatures (collateral kills)
  5 foxfires (D:2)
5 creatures vanquished.

Vanquished Creatures (others)
  268 foxfires
268 creatures vanquished.

Grand Total: 354 creatures vanquished

Notes
Turn   | Place    | Note
-------+----------+-------------------------------------------
     0 | D:1      | Kaptain the Gargoyle Fire Elementalist began the quest for
                  | the Orb.
     0 | D:1      | Reached XP level 1. HP: 10/10 MP: 3/3
   412 | D:1      | Reached XP level 2. HP: 9/15 MP: 1/5
  1480 | D:1      | Reached XP level 3. HP: 20/20 MP: 4/6
  3112 | D:3      | Found a faded altar of an unknown god.
  3186 | D:3      | Found a glowing golden altar of the Shining One.
  3232 | D:3      | Found a sparkling altar of Nemelex Xobeh.
  3394 | D:3      | Noticed an ogre
  3407 | D:3      | Killed an ogre
  3408 | D:3      | Reached skill level 1 in Fighting
  3408 | D:3      | Reached skill level 1 in Armour
  3408 | D:3      | Reached XP level 4. HP: 24/25 MP: 2/8
  3408 | D:3      | Reached XP level 5. HP: 28/29 MP: 2/9
  3880 | D:3      | Found an iron altar of Okawaru.
  4202 | D:4      | Noticed a centaur
  4214 | D:4      | Killed a centaur
  4215 | D:4      | Reached XP level 6. HP: 22/35 MP: 0/10
  4438 | D:3      | Learned a level 4 spell: Sticky Flame
  4444 | D:3      | Learned a level 5 spell: Fireball
  4465 | D:3      | Reached skill level 4 in Fire Magic
  4767 | D:4      | Found a snail-covered altar of Cheibriados.
  5196 | D:4      | Found a staircase to the Ecumenical Temple.
  5211 | Temple   | Entered the Ecumenical Temple
  5426 | D:4      | Mangled by an ogre

Illustrated notes

Levels and vault maps discovered:
D:1:      dpeg_arrival_refuge, layout_loops_corners, grunt_decor_resistance,
          hangedman_decor_diamond_cutter
D:2:      layout_loops_ring, minmay_hedge_maze
D:3:      layout_loops_ring, lemuel_coloured_pillars_altar,
          nemelex_spade_bored_becter, mainiacjoe_overflow_boulevard,
          ebering_ecumenical_altar_hall
D:4:      layout_loops_ring, cheibriados_altar_1,
          minmay_temple_entry_sparse_star
Temple:   eino_temple_water

Skill      XL: |  1  2  3  4  5  6 |
---------------+-------------------+-----
Conjurations   | 2 3 |  3.2
Fighting       | 1 2 |  2.0
Armour         | 1 2 |  2.1
Stealth        | 3 |  3.6
Spellcasting   | 3 |  3.5
Fire Magic     | 4 |  4.1
Dodging        | |  1.5

Action                   |  1- 3 |  4- 6 || total
-------------------------+-------+-------++-------
Melee: Dagger            |    10 |       ||    10
       Unarmed           |     9 |       ||     9
       Staff             |    11 |    21 ||    32
 Cast: Foxfire           |    81 |   106 ||   187
  Use: Scroll            |     7 |     2 ||     9
       Potion            |       |     3 ||     3
Armor: Robe              |    18 |     1 ||    19
       Leather armour    |       |    35 ||    35
Dodge: Dodged            |    36 |    55 ||    91
